 Dungeon Crawl Stone Soup version 0.31-a0-1499-ge0622b2318 (webtiles) character file.

Game seed: 5242491623315193220

21 DApurpleWHUMPUS the Gusty (level 2, 0/15 HPs)
             Began as a Deep Elf Air Elementalist on Dec 29, 2023.
             Slain by a gnoll
             ... wielding a +0 club
              (6 damage)
             ... on level 2 of the Dungeon.
             The game lasted 00:01:23 (998 turns).

DApurpleWHUMPUS the Gusty (DEAE)                     Turns: 998, Time: 00:01:24

Health: 0/15       AC:  2    Str:  5    XL:     2   Next: 62%
Magic:  5/8        EV: 12    Int: 19    God:
Gold:   47         SH:  0    Dex: 15    Spells: 7/8 levels left

rFire   . . .        (no weapon)
rCold   . . .        (no shield)
rNeg    . . .        a - +0 robe
rPois   .            (no helmet)
rElec   .            (no cloak)
rCorr   .            (no gloves)
SInv    .            (no boots)
Will    .....        (no amulet)
Stlth   ++           (no ring)
HPRegen 0.22/turn    (no ring)
MPRegen 0.11/turn

%: no passive effects
@: no status effects
A: no striking features
a: no special abilities


You were on level 2 of the Dungeon.
You visited 1 branch of the dungeon, and saw 2 of its levels.

You collected 47 gold pieces.

Inventory:

Armour
 a - a +0 robe (worn)
Jewellery
 e - an amulet of guardian spirit
Scrolls
 c - a scroll of silence {unknown}
 g - a scroll of enchant weapon {unknown}
 h - a scroll of identify {unknown}
Potions
 b - a potion of magic
 d - a potion of attraction {unknown}
 f - a potion of heal wounds {unknown}
 i - 2 potions of curing {unknown}


   Skills:
 - Level 2.4 Dodging
 - Level 2.4 Stealth
 + Level 3.5 Spellcasting
 - Level 1.1 Conjurations
 * Level 3.7 Air Magic


You had 7 spell levels left.
You knew the following spells:

 Your Spells              Type           Power      Damage    Failure   Level
a - Shock                 Conj/Air       48%        1d6       5%          1

Your spell library contained the following spells:

 Spells                   Type           Power      Damage    Failure   Level
 Static Discharge         Conj/Air       24%        3-4/arc   9%          2
 Swiftness                Air            17%        N/A       10%         3
 Necrotise                Necr           12%        1d4       14%         1
 Momentum Strike          Conj/Tloc      10%        3d8       17%         2
 Blink                    Tloc           6%         N/A       22%         2
 Lesser Beckoning         Tloc           6%         N/A       22%         2
 Airstrike                Air            8%         2d(2-18)  30%         4
 Frozen Ramparts          Ice            6%         1d1       41%         3
 Vampiric Draining        Necr           3%         2d6       41%         3
 Leda's Liquefaction      Alch/Erth      1%         N/A       82%         4
 Martyr's Knell           Necr/Summ      3%         N/A       82%         4
 Petrify                  Alch/Erth      3%         N/A       82%         4
 Curse of Agony           Necr           3%         N/A       99%         5
 Metabolic Englaciation   Hex/Ice        1%         N/A       99%         5


Dungeon Overview and Level Annotations

Branches:
Dungeon (2/15)

Altars:


Message History

The zap hits the dart slug.
The dart slug is moderately wounded.
The dart slug launches a dart at you. The slug dart hits you.
A dart slug is nearby!
The zap hits the dart slug.
The dart slug is heavily wounded.
The dart slug launches a dart at you. The slug dart hits you.
The zap hits the dart slug.
The dart slug is severely wounded.
The zap hits the dart slug.
You kill the dart slug!
You can't see any susceptible monsters within range! (Use Z to cast anyway.)
You can't see any susceptible monsters within range! (Use Z to cast anyway.) HP restored.
Magic restored.
You now have 47 gold pieces (gained 18).
You see here a dart slug corpse.
You see here a dart slug corpse.
A gnoll comes into view. It is wielding a +0 club.
A gnoll is nearby!
The zap hits the gnoll.
The gnoll is moderately wounded.
The gnoll shouts!
You hear a shout!
The zap hits the gnoll.
The gnoll is severely wounded.
A gnoll comes into view. It is wielding a +0 whip.
The zap misses the gnoll.
The gnoll shouts!
A bat comes into view.
A gnoll comes into view. It is wielding a +0 spear.
The bat moves out of view.
The zap misses the gnoll.
The gnoll shouts!
A gnoll comes into view. It is wielding a +0 whip.
The gnoll attacks as it pursues you! The gnoll hits you with a +0 club.
The gnoll attacks as it pursues you! The gnoll hits you with a +0 club.
The gnoll attacks as it pursues you! The gnoll hits you with a +0 club.
You die...

.b...
#######....
.......g#.#
#####g#.#
#..†..#.#
#.#...#.#
#.#..##.#
#.#g....#
#.#@#####
#.#.#####
#.#....<#
#.#######


You could see 3 gnolls.

Vanquished Creatures
  A dart slug (D:2)
  A ball python (D:1)
  An endoplasm (D:1)
  5 goblins (D:1)
  2 quokkas (D:1)
  2 bats (D:1)
  4 frilled lizards (D:1)
  A kobold (D:1)
  2 rats (D:1)
19 creatures vanquished.

Notes
Turn   | Place    | Note
-------+----------+-------------------------------------------
     0 | D:1      | DApurpleWHUMPUS the Deep Elf Air Elementalist began the
                  | quest for the Orb.
     0 | D:1      | Reached XP level 1. HP: 10/10 MP: 6/6
   288 | D:1      | Reached XP level 2. HP: 15/15 MP: 6/8
   998 | D:2      | Slain by a gnoll

Illustrated notes

Levels and vault maps discovered:
D:1:      kennysheep_arrival_seaside, layout_basic
D:2:      wad_lake_hut, layout_basic

Action                     || total
---------------------------++-------
   Cast: Shock             ||    37
 Armour: Robe              ||     5
  Dodge: Dodged            ||     2

Table legend: (Time is in decaauts)
 A = Elapsed time spent in this place.
 B = Non-inter-level travel time spent in this place.
 C = Inter-level travel time spent in this place.
 D = Time resting spent in this place.
 E = Time spent auto-exploring this place.
 F = Levels seen in this place.
 G = Mean time per level.
                   A        B        C        D        E       F      G
               +--------+--------+--------+--------+--------+-----+--------+
         Total |   1001 |    951 |     50 |      0 |    868 |   2 |  500.5 |
       Dungeon |   1001 |    951 |     50 |      0 |    868 |   2 |  500.5 |
               +--------+--------+--------+--------+--------+-----+--------+

Top non-repeatable levels by time:
     D:1: 922 daAuts
     D:2: 78 daAuts
